 Dungeon Crawl Stone Soup version 0.29.1-2-gbd0b4ee654 (webtiles) character file.

Game seed: 3686108858481570771

804 bullfish the Carver (level 7, 0/55 HPs)
             Began as a Red Draconian Gladiator on Nov 14, 2022.
             Was a Believer of Qazlal.
             Slain by an ice beast (11 damage)
             ... on level 5 of the Dungeon.
             The game lasted 00:19:53 (4929 turns).

bullfish the Carver (Red Draconian Gladiator)       Turns: 4929, Time: 00:19:55

Health: 0/55       AC:  8    Str: 17    XL:     7   Next: 60%
Magic:  9/10       EV: 12    Int:  8    God:    Qazlal [**....]
Gold:   258        SH:  3    Dex: 14    Spells: 6/6 levels left

rFire   + . .      SeeInvis .   k - +2 long sword
rCold   . . .      Faith    .   (no shield)
rNeg    . . .      Spirit   .   (body armour unavailable)
rPois   .          Reflect  .   b - +0 hat
rElec   .          Harm     .   B - +1 cloak {Stlth+}
rCorr   .          Rampage  .   (no gloves)
Will    .....                   (no boots)
Stlth   ++........              (no amulet)
HPRegen 0.18/turn               (no ring)
MPRegen 0.12/turn               (no ring)

@: short of breath
A: breathe fire, AC +6, unfitting armour, fire resistance 1, cold-blooded
a: Breathe Fire, Renounce Religion, Upheaval


You were on level 5 of the Dungeon.
You worshipped Qazlal.
Qazlal was pleased with you.
You visited 1 branch of the dungeon, and saw 5 of its levels.

You collected 258 gold pieces.

Inventory:

Hand Weapons
 g - a +1 dagger of venom
 k - a +2 long sword (weapon)
 q - a +3 hammer
 t - the +8 hand axe of the Heart {protect, Str+9}
   (You found it on level 4 of the Dungeon)

   It grants its wielder temporary protection when it strikes (+7 to AC).
   Str:       It affects your strength (+9).
 x - a +0 dagger of venom
 A - a +3 quarterstaff of chaos
Missiles
 c - 2 throwing nets
 d - a javelin
 n - 24 stones (quivered)
 v - 3 boomerangs
Armour
 b - a +0 hat (worn)
 o - a scarf of harm
 B - a +1 cloak of stealth (worn)
Jewellery
 f - a ring of resist corrosion
 D - a ring of magical power
Wands
 z - a wand of paralysis (4)
Scrolls
 a - 2 scrolls of vulnerability
 e - a scroll of immolation
 h - a scroll of enchant armour
 j - 4 scrolls of magic mapping
 r - a scroll of enchant weapon
 u - a scroll of teleportation {unknown}
 y - a scroll of poison
 C - a scroll of amnesia
Potions
 i - 5 potions of curing
 l - a potion of resistance
 m - a potion of berserk rage
 p - 3 potions of brilliance
 s - 2 potions of attraction
 w - 3 potions of heal wounds


   Skills:
 - Level 2.1 Fighting
 + Level 8.1 Long Blades
 - Level 1.7 Throwing
 - Level 2.6 Dodging
 - Level 4.1 Invocations


You had 6 spell levels left.
You didn't know any spells.
Your spell library contained the following spells:

 Spells                   Type           Power      Damage    Failure   Level
 Magic Dart               Conj           0%         1d3       41%         1
 Call Imp                 Summ           0%         N/A       54%         2
 Mephitic Cloud           Conj/Pois/Air  0%         N/A       78%         3


Dungeon Overview and Level Annotations

Branches:
Dungeon (5/15)
 Temple: D:4-7

Altars:
Ashenzari
Gozag
Qazlal

Shops:
D:1 [   D:5 =

Annotations:
D:5 4 runed translucent doors


Innate Abilities, Weirdness & Mutations

You can breathe blasts of fire.
Your fiery red scales are hard. (AC +6)
You cannot fit into any form of body armour.
Your flesh is heat resistant. (rF+)
You are cold-blooded and may be slowed by cold attacks.


Message History

Aiming: Breathe Fire (5% risk of failure)
Press: ? - help, Shift-Dir - straight line, f/p - orc warrior
Aim: an orc warrior, wielding a +0 mace and wearing a +0 chain mail (severely wounded, 64% to hit)
You breathe a blast of fire.
The fiery breath hits the orc warrior!
You kill the orc warrior!
Qazlal accepts your kill.
An ice beast comes into view.
Your Long Blades skill increases to level 8!
Things that are here:
a +0 club; a gnoll corpse The ice beast barely misses you.
The gnoll sergeant shouts!
You hit the ice beast.
The ice beast is lightly wounded.
You block the ice beast's attack.
You hit the ice beast but do no damage.
The ice beast is lightly wounded.
The ice beast hits you. The ice beast freezes you!
You hit the ice beast but do no damage.
The ice beast is lightly wounded.
The ice beast hits you. The ice beast freezes you!
You hit the ice beast but do no damage.
The ice beast is lightly wounded.
You block the ice beast's attack.
Things that are here:
a +0 club; a gnoll corpse You slash the ice beast!
You tail-slap the ice beast.
The ice beast is heavily wounded.
The ice beast hits you. The ice beast freezes you!
You feel yourself slow down.
* * * LOW HITPOINT WARNING * * *
You hit the ice beast.
The ice beast is severely wounded.
You block the ice beast's attack.
You barely miss the ice beast.
The ice beast is severely wounded.
You feel yourself speed up. The ice beast hits you.
* * * LOW HITPOINT WARNING * * *
The ice beast freezes you!
You die...

+.##++##...###..##
##8..8##...[....#
#8....8#..###...#
#!....|#........#
#)....?#.######.#
#8....8#.# #.#
#####8.O8##.# #.#
#.'.##++##..# #.#
#..#.)...Y@.# #.###
##.#.#.###+## #...#
.##.#.##...## ###.# ##
..#.......## ##.#
..###.......## ##..#
.##
#.........####...## ..
+.........+.......####
..
#.........#.#####....#
##.......##.#...#.##.#


You could see an ice beast.

Vanquished Creatures
  2 black bears
  An orc warrior (D:5)
  A phantom (D:5)
  A scorpion (D:5)
  A wight (D:3)
  2 jellies (D:5)
  Crazy Yiuf (D:4)
  An orc priest (D:4)
  A hound (D:3)
  An orc wizard (D:4)
  Robin (D:2)
  A gnoll (D:5)
  5 adders
  An ufetubus (D:4)
  3 worms
  A dart slug (D:1)
  4 orcs
  3 endoplasms
  2 giant cockroaches
  15 goblins
  13 hobgoblins
  3 jackals (D:2)
  9 kobolds
  6 quokkas
  8 ball pythons
  8 bats
  3 frilled lizards
  7 rats
105 creatures vanquished.

Vanquished Creatures (others)
  A fungus (D:4)
  5 plants
6 creatures vanquished.

Grand Total: 111 creatures vanquished

Notes
Turn   | Place    | Note
-------+----------+-------------------------------------------
     0 | D:1      | bullfish the Draconian Gladiator began the quest for the
                  | Orb.
     0 | D:1      | Reached XP level 1. HP: 17/17 MP: 1/1
   188 | D:1      | Found Kiaq's Antique Armour Shoppe.
   272 | D:1      | Reached XP level 2. HP: 16/24 MP: 2/2
   699 | D:1      | Reached skill level 4 in Long Blades
   883 | D:2      | Reached XP level 3. HP: 26/29 MP: 3/3
  1629 | D:2      | Found a faded altar of an unknown god.
  1639 | D:2      | Prayed at the altar of an unknown god.
  1639 | D:2      | Became a worshipper of Qazlal Stormbringer
  1639 | D:2      | Reached * piety under Qazlal
  1839 | D:3      | Noticed Robin
  2246 | D:2      | Reached skill level 5 in Long Blades
  2246 | D:2      | Reached XP level 4. HP: 19/36 MP: 4/4
  2255 | D:2      | Killed Robin
  2588 | D:3      | Reached ** piety under Qazlal
  2879 | D:3      | Reached XP level 5. HP: 31/41 MP: 5/5
  3016 | D:3      | Reached skill level 6 in Long Blades
  3250 | D:4      | Identified the +8 hand axe of the Heart {protect, Str+9}
  3293 | D:4      | Noticed a black bear
  3303 | D:4      | Killed a black bear
  3304 | D:4      | Reached skill level 7 in Long Blades
  3304 | D:4      | Reached XP level 6. HP: 22/48 MP: 2/6
  3971 | D:4      | Found a broken altar of Ashenzari.
  3971 | D:4      | Found an opulent altar of Gozag.
  4214 | D:4      | Found a runed translucent door.
  4215 | D:4      | Noticed Crazy Yiuf
  4222 | D:4      | Killed Crazy Yiuf
  4312 | D:5      | Entered Level 5 of the Dungeon
  4364 | D:5      | Your scales start taking on a fiery red colour.
  4364 | D:5      | Reached XP level 7. HP: 42/55 MP: 7/9
  4364 | D:5      | Gained mutation: Your flesh is heat resistant. (rF+) [Red
                  | Draconian growth]
  4748 | D:5      | Found a large runed translucent door.
  4749 | D:5      | Found a large runed translucent door.
  4750 | D:5      | Noticed a two-headed ogre
  4757 | D:5      | Found a large runed translucent door.
  4757 | D:5      | Found a large runed translucent door.
  4773 | D:5      | Found Cajon's Jewellery Boutique.
  4916 | D:5      | Reached skill level 8 in Long Blades
  4929 | D:5      | Slain by an ice beast

Illustrated notes

Levels and vault maps discovered:
D:1:      scummos_arrival_forest, layout_rooms, serial_shops, shop,
          minmay_misc_feat_hallway, minmay_misc_feat_enclosed
D:2:      layout_basic, shapermc_ecumenical_altar_hornbeckon, kennysheep_nub,
          bh_walls_and_bars
D:3:      minmay_skewed_foursquare, layout_basic, minmay_divided_ellipse,
          uniq_robin
D:4:      layout_cave_pools, mainiacjoe_overflow_divided_tiny,
          guppyfry_early_lair_pool, uniq_crazy_yiuf_cottage
D:5:      layout_loops_corners, nicolae_dithmenos_through_a_glass_darkly,
          minmay_temple_entry_poolview, serial_shops, nicolae_take_the_stairs,
          shop, shop, kennysheep_mini, minmay_hollow_rounded_squares

Skill      XL: |  1  2  3  4  5  6  7 |
---------------+----------------------+-----
Long Blades    | 4 5 7 8 |  8.1
Invocations    | 2 4 |  4.1
Fighting       | |  2.1
Throwing       | |  1.7
Dodging        | |  2.6

Action                   |  1- 3 |  4- 6 |  7- 9 || total
-------------------------+-------+-------+-------++-------
Melee: Long sword        |   146 |   114 |    29 ||   289
       Tailslap          |     9 |    20 |     4 ||    33
       Punch             |       |     1 |     1 ||     2
Throw: Javelin           |     1 |       |       ||     1
       Throwing net      |     1 |       |       ||     1
       Stone             |     3 |    26 |       ||    29
Invok: Upheaval          |       |     1 |     1 ||     2
 Abil: Breathe Fire      |       |       |     3 ||     3
  Use: Scroll            |     7 |     6 |     2 ||    15
       Potion            |       |     2 |       ||     2
 Stab: Sleeping          |     1 |       |       ||     1
Armor: Skin              |    74 |    31 |     9 ||   114
Dodge: Dodged            |   142 |    69 |    13 ||   224
Block: Other             |     4 |    11 |     3 ||    18
